 Dungeon Crawl Stone Soup version 0.31-a0-836-g3ceb0a68c4 (webtiles) character file.

Game seed: 5893423596369124607

135 nethackin the Shooter (level 5, -3/28 HPs)
             Began as a Kobold Hunter on Sept 26, 2023.
             Was a Follower of Hepliaklqana.
             Slain by Edmund
             ... wielding a +4 flail of holy wrath
              (10 damage)
             ... on level 4 of the Dungeon.
             The game lasted 00:18:33 (1590 turns).

nethackin the Shooter (Kobold Hunter)               Turns: 1590, Time: 00:18:42

Health: -3/28      AC:  3    Str:  8    XL:     5   Next: 41%
Magic:  5/5        EV: 12    Int: 10    God:    Hepliaklqana [*.....]
Gold:   103        SH:  0    Dex: 21    Spells: 4/4 levels left

rFire   . . .        a - +0 shortbow
rCold   . . .        (shield currently unavailable)
rNeg    . . .        c - +0 leather armour
rPois   .            (no helmet)
rElec   .            (no cloak)
rCorr   .            (no gloves)
SInv    .            (no boots)
Will    .....        (no amulet)
Stlth   ++           (no ring)
HPRegen 0.24/turn    (no ring)
MPRegen 0.09/turn

%: no passive effects
@: confused, ambrosia-drunk, constricted
A: reduced essence, small, no large weapons, nightstalker 3
a: Renounce Religion, Recall Ancestor, Ancestor Identity


You were on level 4 of the Dungeon.
You worshipped Hepliaklqana.
Hepliaklqana was aware of your devotion.
You visited 1 branch of the dungeon, and saw 4 of its levels.

You collected 103 gold pieces.

Inventory:

Hand Weapons
 a - a +0 shortbow (weapon)
 i - a +0 dagger
 n - a +0 longbow
Armour
 c - a +0 leather armour (worn)
 p - a +0 ring mail
Scrolls
 b - a scroll of butterflies
 d - a scroll of revelation {unknown}
 e - a scroll of enchant armour {unknown}
 f - a scroll of amnesia
 j - 2 scrolls of noise {unknown}
 k - a scroll of poison {unknown}
 o - a scroll of identify
Potions
 g - a potion of cancellation
 h - a potion of lignification {unknown}
 m - a potion of resistance {unknown}
 q - 3 potions of curing {unknown}


   Skills:
 + Level 3.3 Fighting
 + Level 7.0 Ranged Weapons
 + Level 1.0 Armour
 + Level 3.1 Dodging
 + Level 1.5 Stealth


You had 4 spell levels left.
You didn't know any spells.
Your spell library contained the following spells:

 Spells                   Type           Power      Damage    Failure   Level
 Freeze                   Ice            0%         1d3       47%         1
 Frozen Ramparts          Ice            0%         1d1       85%         3
 Hailstorm                Conj/Ice       0%         3d3       85%         3


Dungeon Overview and Level Annotations

Branches:
Dungeon (4/15)
 Temple: D:4-7

Altars:
Hepliaklqana
Xom

Annotations:
D:4 1 transporter, Edmund


Innate Abilities, Weirdness & Mutations

Your life essence is reduced to manifest your ancestor. (-10% HP)
You are small and have problems with some larger weapons.
You are completely attuned to the shadows.


Message History

Aim: Edmund, wielding a +4 flail of holy wrath and wearing a +0 chain mail (asleep, ally target, 98% to hit)
You shoot an arrow.
The arrow hits Edmund but does no damage.
Edmund shouts!
You hear an angry hiss.
A ball python comes into view.
Septima hits Edmund.
Fire: a) +0 shortbow
Press: ? - help, Q - select action, (/) - cycle Shift-Dir - straight line, f/p - Edmund
Aim: Edmund, wielding a +4 flail of holy wrath and wearing a +0 chain mail (lightly wounded, ally target, 72% to hit)
You shoot an arrow. The arrow hits Edmund!
Edmund is lightly wounded.
Edmund completely misses you.
Septima hits Edmund but does no damage.
You shoot an arrow. The arrow hits Edmund.
Edmund is moderately wounded.
Edmund hits you with a +4 flail of holy wrath.
Septima hits Edmund but does no damage.
Edmund grinds his teeth, and then sighs.
Edmund hits you with a +4 flail of holy wrath.
The ball python bites you. The ball python grabs you.
The ball python constricts you.
As you read the scroll labelled SIDUICR KEFI, it crumbles to dust.
It is a scroll of identify.
g - a potion of cancellation Septima hits Edmund but does no damage.
The ball python closely misses you. The ball python constricts you.
Edmund closely misses you.
As you read the scroll labelled IBARAU UTODI, it crumbles to dust.
It is a scroll of amnesia.
You feel forgetful for a moment.
Septima hits Edmund but does no damage.
The ball python closely misses you. The ball python constricts you.
Edmund hits you with a +4 flail of holy wrath!
* * * LOW HITPOINT WARNING * * *
It was a potion of ambrosia.
You are confused.
You feel invigorated. The ball python bites you.
* * * LOW HITPOINT WARNING * * *
The ball python constricts you.
Septima hits Edmund but does no damage.
Edmund hits you with a +4 flail of holy wrath!
You die...
Edmund says, "I'd like to see a scythe do that!"

#....# #....# #...## ##.##
#.# .# ... #.# .# #.# ##.##
#####.#######.#
##...####...S.........#######
#..........@@................
#....#######R.######..#######
##.#.### ####..######..#
##......................#
#....................#.##
##....######.#.#####.#.#
##...### #.#.# #.#.# #...)...
. #.# #.#.# #....#### #.# .>


You could see the friendly Septima the ancestor, Edmund (ally target) and a ball
python.

Vanquished Creatures
  A hound (D:4)
  An orc wizard (D:3)
  2 adders
  A worm (D:3)
  4 dart slugs
  4 orcs (D:3)
  4 ball pythons
  2 bats (D:1)
  5 endoplasms
  2 giant cockroaches
  3 hobgoblins
  3 jackals (D:1)
  2 quokkas
  4 frilled lizards
  5 goblins
  3 kobolds
  5 rats
51 creatures vanquished.

Notes
Turn   | Place    | Note
-------+----------+-------------------------------------------
     0 | D:1      | nethackin the Kobold Hunter began the quest for the Orb.
     0 | D:1      | Reached XP level 1. HP: 12/12 MP: 1/1
    85 | D:1      | Reached XP level 2. HP: 17/17 MP: 2/2
   239 | D:1      | Reached XP level 3. HP: 18/22 MP: 3/3
   244 | D:1      | Reached skill level 6 in Ranged Weapons
   667 | D:3      | Found a hazy altar of Hepliaklqana.
   675 | D:3      | Became a worshipper of Hepliaklqana the Forgotten
   857 | D:3      | Found a faded altar of an unknown god.
   874 | D:3      | Reached XP level 4. HP: 21/27 MP: 4/4
  1101 | D:3      | Found a shimmering altar of Xom.
  1315 | D:4      | Reached XP level 5. HP: 32/32 MP: 5/5
  1377 | D:4      | Reached skill level 7 in Ranged Weapons
  1377 | D:4      | Reached skill level 1 in Armour
  1480 | D:4      | Found a transporter.
  1505 | D:4      | Reached * piety under Hepliaklqana
  1582 | D:4      | Noticed Edmund
  1590 | D:4      | Slain by Edmund

Illustrated notes

Levels and vault maps discovered:
D:1:      evilmike_arrival_hilbert_curve, layout_basic
D:2:      layout_loops_corners
D:3:      layout_loops_cross, mainiacjoe_overflow_boulevard, xom_teletrap_fun,
          chequers_ecumenical_altar_simple_redux, minmay_quantized
D:4:      gammafunk_wand_slinger, layout_loops_ring,
          minmay_temple_entry_junction, gup_ossuary_entry_pyramid, uniq_edmund,
          uniq_pikel

Skill      XL: |  1  2  3  4  5 |
---------------+----------------+-----
Ranged Weapons | 6 7 |  7.0
Dodging        | 3 |  3.1
Fighting       | 3 |  3.3
Armour         | 1 |  1.0
Stealth        | |  1.5

Action                     |  1- 3 |  4- 6 || total
---------------------------+-------+-------++-------
   Fire: Shortbow          |    88 |    46 ||   134
    Use: Potion            |     1 |     1 ||     2
         Scroll            |       |     2 ||     2
 Armour: Leather armour    |    49 |    20 ||    69
  Dodge: Dodged            |    64 |    14 ||    78

Table legend: (Time is in decaauts)
 A = Elapsed time spent in this place.
 B = Non-inter-level travel time spent in this place.
 C = Inter-level travel time spent in this place.
 D = Time resting spent in this place.
 E = Time spent auto-exploring this place.
 F = Levels seen in this place.
 G = Mean time per level.
                   A        B        C        D        E       F      G
               +--------+--------+--------+--------+--------+-----+--------+
         Total |   1623 |   1623 |      0 |      0 |      0 |   4 |  405.8 |
       Dungeon |   1623 |   1623 |      0 |      0 |      0 |   4 |  405.8 |
               +--------+--------+--------+--------+--------+-----+--------+

Top non-repeatable levels by time:
     D:3: 709 daAuts
     D:1: 424 daAuts
     D:4: 297 daAuts
     D:2: 191 daAuts
